 Dungeon Crawl Stone Soup version 0.26-a0-597-gb535b0901c (webtiles) character file.

Game seed: 12759181148371966208

16398 Descartes the Protected (level 12, -8/102 (103) HPs)
             Began as a Formicid Fighter on Aug 25, 2020.
             Was an Initiate of Gozag.
             Mangled by a komodo dragon (24 damage)
             ... on level 1 of the Lair of Beasts.
             The game lasted 00:24:55 (12151 turns).

Descartes the Protected (Formicid Fighter)         Turns: 12151, Time: 00:24:55

HP:   -8/102 (103)  AC: 14    Str: 22    XL:     12   Next: 69%
MP:   19/19         EV: 11    Int: 12    God:    Gozag
Gold: 1731          SH: 16    Dex: 10    Spells: 16/21 levels left

rFire    + . .     SeeInvis +   G - +7 scimitar
rCold    + . .     Faith    .   c - +0 kite shield
rNeg     . . .     Spirit   .   H - +1 scale mail {rPois}
rPois    +         Reflect  +   (helmet unavailable)
rElec    .         Harm     .   a - scarf {rC+ rF+}
rCorr    .                      (no gloves)
MR       +++..                  y - +2 pair of boots
Stlth    ..........             C - amulet of reflection
HPRegen  0.27/turn              K - ring of protection from magic
MPRegen  0.16/turn              X - ring of protection from magic

@: gold aura
A: permanent stasis, dig shafts and tunnels, four strong arms, antennae 3
a: Dig, Shaft Self, Potion Petition, Call Merchant, Bribe Branch, Renounce
Religion


You were on level 1 of the Lair of Beasts.
You worshipped Gozag.
Gozag was most pleased with you.
You visited 3 branches of the dungeon, and saw 14 of its levels.
You also visited: Ossuary.

You collected 2408 gold pieces.
You spent 444 gold pieces at shops.
You paid 233 gold pieces to Gozag.

Inventory:

Hand Weapons
 G - a +7 scimitar (weapon)
 N - a +3 long sword
Missiles
 e - 145 arrows
 p - 8 boomerangs
 q - 196 stones (quivered)
 v - 4 javelins
 E - 23 poisoned darts
 I - 40 bolts
 U - 4 silver boomerangs
Armour
 a - a scarf of resistance (worn)
 c - a +0 kite shield (worn)
 y - a +2 pair of boots (worn)
 H - a +1 scale mail of poison resistance (worn)
Magical Staves
 P - an uncursed staff of air {unknown}
Jewellery
 g - a +4 ring of protection
 u - an uncursed amulet of regeneration
 C - an amulet of reflection (around neck)
 K - a ring of protection from magic (left hand)
 X - a ring of protection from magic (right hand)
Wands
 i - a wand of paralysis (16)
 F - a wand of acid (6)
 J - a wand of polymorph (3)
 O - a wand of enslavement (8)
Scrolls
 b - a scroll of blinking {unknown}
 f - 2 scrolls of enchant armour {unknown}
 j - 3 scrolls of noise {unknown}
 k - 6 scrolls of magic mapping
 l - 5 scrolls of amnesia {unknown}
 o - 5 scrolls of fear
 r - a scroll of immolation {unknown}
 s - a scroll of silence {unknown}
 t - a scroll of enchant weapon {unknown}
 w - 6 scrolls of teleportation {unknown}
 A - 8 scrolls of remove curse
 L - a scroll of random uselessness {unknown}
 Q - a scroll of brand weapon {unknown}
 W - a scroll of vulnerability
Potions
 d - 4 potions of might
 h - 6 potions of mutation
 m - 5 potions of cancellation
 n - 2 potions of flight
 x - 3 potions of heal wounds
 z - 6 potions of curing
 B - 2 potions of ambrosia
 D - 2 potions of brilliance
 M - 3 potions of resistance
 S - 2 potions of lignification
 T - a potion of magic
Miscellaneous
 R - a lightning rod (4/4)


   Skills:
 + Level 12.7 Fighting
 - Level 2.0 Long Blades
 + Level 12.8 Armour
 + Level 3.3 Dodging
 - Level 9.0 Shields
 - Level 5.0 Spellcasting
 - Level 5.0 Earth Magic
 - Level 5.0 Evocations


You had 16 spell levels left.
You knew the following spells:

 Your Spells              Type           Power        Failure   Level
a - Borgnjor's Vile Clut  Necr/Erth      #.........   99%         5

Your spell library contained the following spells:

 Spells                   Type           Power        Failure   Level
 Corona                   Hex            #......      38%         1
 Magic Dart               Conj           #...         38%         1
 Searing Ray              Conj           #.....       52%         2
 Slow                     Hex            #.......     52%         2
 Dazzling Flash           Conj/Hex       #.....       77%         3
 Inner Flame              Hex/Fire       #.......     77%         3
 Portal Projectile        Hex/Tloc       #.....       77%         3
 Leda's Liquefaction      Hex/Erth       #.........   82%         4
 Animate Dead             Necr           #.........   99%         4
 Cause Fear               Hex            #.........   99%         4
 Fulminant Prism          Conj/Hex       #.........   99%         4
 Iskenderun's Mystic Bla  Conj/Tloc      #.......     99%         4
 Death Channel            Necr           #.........   100%        6
 Simulacrum               Ice/Necr       #.........   100%        6


Dungeon Overview and Level Annotations

Branches:
Dungeon (12/15)            Temple (1/1) D:7            Lair (1/6) D:9
Ossuary (visited)
    Orc: D:9-12

Altars:
Ashenzari
Cheibriados
Dithmenos
Elyvilon
Fedhas
Gozag
Hepliaklqana
Kikubaaqudgha
Makhleb
Nemelex Xobeh
Okawaru
Qazlal
Ru
Sif Muna
Trog
Uskayaw
Vehumet
Wu Jian
Xom
Yredelemnul
Zin
The Shining One

Shops:
D:9 !


Innate Abilities, Weirdness & Mutations

You cannot be hasted, slowed, berserked, paralysed or teleported.
You can dig through walls and to a lower floor.
Your four strong arms can wield two-handed weapons with a shield.
You have a pair of large antennae on your head. (SInv)


Message History

The komodo dragon barely misses you.
You hit the komodo dragon.
The komodo dragon is heavily wounded.
You block the komodo dragon's attack. x2; The komodo dragon closely misses you.
You hit the komodo dragon.
The komodo dragon is severely wounded.
You block the komodo dragon's attack. The komodo dragon barely misses you.
You closely miss the komodo dragon.
The komodo dragon is severely wounded.
You block the komodo dragon's attack. The komodo dragon bites you!!
* * * LOW HITPOINT WARNING * * *
You slash the komodo dragon!
The komodo dragon is almost dead.
The komodo dragon closely misses you. You block the komodo dragon's attack.
The komodo dragon bites you!
* * * LOW HITPOINT WARNING * * *
The komodo dragon hisses menacingly.
The komodo dragon bites you!!
You die...
Your body crumbles into a pile of gold.

#.......###.........#............
#.......###..P......##..........#
...##........#....#.##..........#
.....#............###.........###
.............................##
.........#######.######.#...##
.........# {{#....###.....#
........## { {#l#....####.##
.......... ####@#......#..#
........ . #?...l#.#####..##
........##. #..$....#.......#
P.......##.######.###..##..##
#.......#...##.[..#....#...#
#.......##P......##....##.##
.......####...........#####
.......#.####.##########
.................###...#


You could see 2 komodo dragons.

Vanquished Creatures
  A hydra (D:10)
  2 two-headed ogres
  3 unseen horrors
  A wizard (D:11)
  Pikel (D:4)
  A cyclops (D:11)
  Maggie (D:8)
  A rime drake (Lair:1)
  A komodo dragon (Lair:1)
  2 trolls (D:11)
  5 blink frogs (Lair:1)
  2 hippogriffs
  A slime creature (D:11)
  Sigmund (D:5)
  A shadow (D:7)
  A wyvern (D:9)
  11 yaks
  3 basilisks (Lair:1)
  Menkaure (D:5)
  Duvessa (D:5)
  2 water moccasins
  3 porcupines (D:9)
  4 orc warriors
  A black bear (D:9)
  An ice beast (D:9)
  4 phantoms
  2 necrophages
  4 ogres
  5 centaurs
  A crocodile (Lair:1)
  A big kobold (D:9)
  16 bullfrogs
  Dowan (D:5)
  A water moccasin zombie (D:6)
  A wyvern skeleton (D:7)
  5 scorpions
  3 killer bees
  3 wights (D:4)
  7 howler monkeys
  3 bullfrog zombies
  A human zombie (Ossuary)
  A centaur zombie (Ossuary)
  2 centaur skeletons
  5 orc priests
  5 hounds
  10 orc wizards
  3 bullfrog skeletons
  8 worker ants
  Terence (D:3)
  7 iguanas
  4 big kobold zombies (Ossuary)
  2 mummies (Ossuary)
  2 worker ant zombies
  7 adders
  2 shadow imps (D:7)
  3 white imps
  An ooze (D:2)
  3 ufetubi
  2 adder zombies
  2 adder skeletons
  4 worms
  2 dart slugs (D:1)
  6 leopard geckos
  24 orcs
  2 ball pythons
  5 giant cockroaches
  A gnoll zombie (Ossuary)
  5 hobgoblins
  4 jackals (D:3)
  4 quokkas
  A ball python zombie (D:4)
  11 bats
  A frilled lizard (D:1)
  7 goblins
  3 hobgoblin zombies (Ossuary)
  A jackal skeleton (D:6)
  14 kobolds
  2 leopard gecko skeletons (D:4)
  A leopard gecko zombie (D:5)
  4 orc zombies (Ossuary)
  A quokka zombie (D:3)
  8 rats
291 creatures vanquished.

Vanquished Creatures (others)
  36 fungi (D:9)
  37 plants
73 creatures vanquished.

Grand Total: 364 creatures vanquished

Notes
Turn   | Place    | Note
-------+----------+-------------------------------------------
     0 | D:1      | Descartes the Formicid Fighter began the quest for the Orb.
     0 | D:1      | Reached XP level 1. HP: 18/18 MP: 1/1
   150 | D:1      | Reached XP level 2. HP: 24/24 MP: 2/2
   253 | D:1      | Reached skill level 1 in Spellcasting
   355 | D:1      | Reached XP level 3. HP: 29/29 MP: 4/4
   898 | D:2      | Noticed an ogre
   905 | D:2      | Killed an ogre
   905 | D:2      | Reached XP level 4. HP: 16/37 MP: 4/7
   905 | D:2      | Reached XP level 5. HP: 19/42 MP: 4/8
  1366 | D:2      | Found an iron altar of Okawaru.
  1442 | D:2      | Found a glowing golden altar of the Shining One.
  1451 | D:2      | Found a basalt altar of Yredelemnul.
  1909 | D:2      | Noticed an angel
  1917 | D:2      | Noticed a profane servitor
  1952 | D:3      | Noticed Terence
  1967 | D:3      | Killed Terence
  2166 | D:3      | Reached XP level 6. HP: 49/49 MP: 9/9
  2425 | D:3      | Found a faded altar of an unknown god.
  2735 | D:4      | Reached skill level 5 in Shields
  3125 | D:4      | Reached XP level 7. HP: 28/55 MP: 11/11
  3136 | D:4      | Reached skill level 5 in Fighting
  3136 | D:4      | Reached skill level 5 in Armour
  3433 | D:4      | Noticed Pikel
  3444 | D:4      | Killed Pikel
  3444 | D:4      | Reached XP level 8. HP: 61/64 MP: 11/14
  3700 | D:5      | Entered Level 5 of the Dungeon
  3737 | D:5      | Noticed Duvessa
  3737 | D:5      | Noticed Dowan
  3744 | D:5      | Killed Duvessa
  3745 | D:5      | Killed Dowan
  3807 | D:5      | Noticed Sigmund
  3817 | D:5      | Killed Sigmund
  3976 | D:5      | Found a snail-covered altar of Cheibriados.
  4036 | D:5      | Noticed Menkaure
  4041 | D:5      | Killed Menkaure
  4287 | D:5      | Reached XP level 9. HP: 71/71 MP: 16/16
  4458 | D:6      | Reached skill level 5 in Spellcasting
  4541 | D:6      | Found a sand-covered staircase.
  4551 | Ossuary  | Entered an ossuary
  5090 | D:6      | Learned a level 5 spell: Borgnjor's Vile Clutch
  5132 | D:6      | Found a shadowy altar of Dithmenos.
  5413 | D:7      | Found a stormy altar of Qazlal.
  5416 | D:7      | Found a sparkling altar of Nemelex Xobeh.
  5417 | D:7      | Found an ornate altar of the Wu Jian Council.
  5418 | D:7      | Found an opulent altar of Gozag.
  5418 | D:7      | Found a sacrificial altar of Ru.
  5419 | D:7      | Found a glowing silver altar of Zin.
  5436 | D:7      | Became a worshipper of Gozag Ym Sagoz the Greedy
  5515 | D:7      | Reached XP level 10. HP: 82/82 MP: 17/17
  6058 | D:7      | Found a staircase to the Ecumenical Temple.
  6070 | Temple   | Entered the Ecumenical Temple
  6791 | D:8      | Noticed Maggie
  6806 | D:8      | Killed Maggie
  6848 | D:8      | Found a hazy altar of Hepliaklqana.
  7223 | D:9      | Reached skill level 10 in Armour
  7227 | D:9      | Reached skill level 10 in Fighting
  7323 | D:9      | Found a staircase to the Lair.
  7728 | D:9      | Found Fos Most's Distillery.
  7736 | D:9      | Bought a potion of cancellation for 96 gold pieces
  7736 | D:9      | Bought a potion of degeneration for 12 gold pieces
  7736 | D:9      | Bought a potion of might for 48 gold pieces
  7736 | D:9      | Bought a potion of lignification for 36 gold pieces
  7736 | D:9      | Bought a potion of magic for 96 gold pieces
  7736 | D:9      | Bought a potion of curing for 36 gold pieces
  7736 | D:9      | Bought a potion of resistance for 120 gold pieces
  7824 | D:10     | Entered Level 10 of the Dungeon
  7824 | D:10     | Noticed a two-headed ogre
  7838 | D:9      | Killed a two-headed ogre
  7838 | D:9      | Reached XP level 11. HP: 56/92 MP: 18/18
  8064 | D:10     | Reached skill level 1 in Earth Magic
  8064 | D:10     | Reached skill level 1 in Evocations
  8865 | D:11     | Noticed a six-headed hydra
  8884 | D:10     | Killed a six-headed hydra
  9142 | D:11     | Noticed an unseen horror
  9147 | D:11     | Killed an unseen horror
  9153 | D:11     | You fall into a shaft and drop 1 floor!
  9154 | D:12     | Noticed an unseen horror
  9177 | D:12     | Killed an unseen horror
  9745 | D:11     | Reached XP level 12. HP: 80/101 MP: 19/19
  9840 | D:11     | Noticed a two-headed ogre
  9845 | D:11     | Killed a two-headed ogre
  9845 | D:11     | Reached skill level 5 in Earth Magic
 10445 | D:11     | Noticed a wizard
 10455 | D:11     | Killed a wizard
 10455 | D:11     | Reached skill level 5 in Evocations
 10814 | D:12     | Noticed an unseen horror
 10823 | D:12     | Killed an unseen horror
 10823 | D:12     | Reached skill level 1 in Dodging
 11131 | Lair:1   | Entered Level 1 of the Lair of Beasts
 12151 | Lair:1   | Mangled by a komodo dragon

Illustrated notes

Levels and vault maps discovered:
D:1:      ncdulo_halloftheorcs, layout_rooms,
          hangedman_abyss_or_decor_lesser_grid, hangedman_glass_teeth,
          minmay_split_cup_small
D:2:      minmay_inner_zag, layout_basic, grunt_temple_overflow_holy_war,
          nicolae_overflow_hidden_temple
D:3:      minmay_wonky_spiral, layout_rooms, chequers_ecumenical_altar_twisty,
          uniq_terence
D:4:      layout_loops_corners, uniq_pikel
D:5:      layout_cave_pools, cheibrodos_worm_habitat, uniq_menkaure,
          uniq_duvessa, uniq_sigmund
D:6:      layout_cave_pools, grunt_dithmenos_shadows,
          nicolae_ossuary_entry_false_entrances, minmay_checkerbox
D:7:      layout_loops_ring, grunt_temple_overflow_open,
          minmay_temple_entry_overgrown, hangedman_decor_peaks_small,
          serial_bayou_pond_e
D:8:      layout_basic, lemuel_doored_altar, uniq_maggie
D:9:      layout_cave_pools, due_lair_maze_entry_diamond, serial_shops,
          nicolae_shop_stone
D:10:     layout_cave_pools, kennysheep_windowed_goal
D:11:     layout_loops_ring, eino_curves_02
D:12:     layout_small_grid, orc_0_dummy, uniq_erolcha
Temple:   cyrus_temple_forest
Lair:1:   beast_lair_carwin_large_3, layout_hall_layers, grunt_megastairs_1

Skill      XL: |  1  2  3  4  5  6  7  8  9 10 11 12 |
---------------+-------------------------------------+-----
Spellcasting   | 1 2 3 4 5 |  5.0
Shields        | 4 5 6 7 9 |  9.0
Fighting       | 4 5 6 8 10 11 12 | 12.7
Armour         | 4 5 6 8 10 11 12 | 12.8
Earth Magic    | 4 5 |  5.0
Evocations     | 4 5 |  5.0
Dodging        | 3 |  3.3
Long Blades    | |  2.0

Action                   |  1- 3 |  4- 6 |  7- 9 | 10-12 || total
-------------------------+-------+-------+-------+-------++-------
Melee: Long sword        |    94 |   172 |    10 |       ||   276
       Scimitar          |       |       |   217 |   584 ||   801
 Abil: Dig               |       |       |     1 |     4 ||     5
Evoke: Wand              |       |       |       |     5 ||     5
       Lightning rod     |       |       |       |     3 ||     3
  Use: Scroll            |       |     5 |     2 |     6 ||    13
Armor: Scale mail        |    37 |       |   101 |   231 ||   369
       Plate armour      |    12 |   106 |    25 |       ||   143
Dodge: Dodged            |    32 |    33 |    71 |   216 ||   352
Block: Kite shield       |    56 |   127 |   251 |   619 ||  1053
       Reflection        |       |       |       |    27 ||    27
       Rpst.: Long sword |     8 |     8 |       |       ||    16
       Scimitar          |       |       |    31 |    68 ||    99

Table legend: (Time is in decaauts)
 A = Elapsed time spent in this place.
 B = Non-inter-level travel time spent in this place.
 C = Inter-level travel time spent in this place.
 D = Time resting spent in this place.
 E = Time spent auto-exploring this place.
 F = Levels seen in this place.
 G = Mean time per level.
                   A        B        C        D        E       F      G
               +--------+--------+--------+--------+--------+-----+--------+
         Total |  12514 |  12111 |    403 |    501 |   8867 |  15 |  834.3 |
       Dungeon |  11360 |  10997 |    363 |    501 |   8116 |  12 |  946.7 |
        Temple |    112 |     73 |     39 |      0 |     71 |   1 |  112.0 |
          Lair |    732 |    732 |      0 |      0 |    476 |   1 |  732.0 |
       Ossuary |    309 |    309 |      0 |      0 |    204 |   1 |  309.0 |
               +--------+--------+--------+--------+--------+-----+--------+

Top non-repeatable levels by time:
    D:11: 1822 daAuts
     D:9: 1385 daAuts
     D:2: 1222 daAuts
     D:4: 1216 daAuts
     D:7: 1047 daAuts
    D:10: 938 daAuts
     D:1: 781 daAuts
     D:5: 781 daAuts
  Lair:1: 732 daAuts
     D:8: 710 daAuts
     D:3: 580 daAuts
     D:6: 575 daAuts
 Ossuary: 309 daAuts
    D:12: 298 daAuts
  Temple: 112 daAuts
